 Dungeon Crawl Stone Soup version 0.28-a0-1286-g6bde065e89 (webtiles) character file.

Game seed: 271027950609765713

210282 backslashecho the Hoplite (level 18, -1/170 HPs)
             Began as a Minotaur Fighter on Dec 26, 2021.
             Was the Champion of Okawaru.
             Slain by a jumping spider (23 damage)
             ... on level 4 of the Spider Nest.
             The game lasted 01:41:47 (36597 turns).

backslashecho the Hoplite (Minotaur Fighter)       Turns: 36597, Time: 01:41:48

Health: -1/170     AC: 13    Str: 35 (36) XL:     18   Next: 18%
Magic:  0/26       EV: 13    Int:  7      God:    Okawaru [******]
Gold:   2691       SH: 22    Dex: 13 (14) Spells: 17/17 levels left

rFire   + + .      SeeInvis +   f - +0 broad axe (venom)
rCold   + . .      Faith    .   J - +0 tower shield
rNeg    . . .      Spirit   .   U - +0 swamp dragon scales
rPois   +          Reflect  .   P - +0 hat {Will+}
rElec   .          Harm     .   Q - +0 cloak {Will+}
rCorr   +          Rampage  +   i - +2 pair of gloves {infuse}
Will    +++..                   B - +2 pair of boots {rampage}
Stlth   +.........              A - amulet of the Mutiny {Acrobat Fragile rCorr Str+4 SInv}
HPRegen 0.38/turn               E - ring "Jumu" {Fly rF+ Str+5}
MPRegen 0.20/turn               K - ring "Jaochoen" {rF+ rC+ Str+2 Int+2}

@: corroded, flying, studying Earth Magic
A: horns 2, retaliatory headbutt
}: 1/15 runes: decaying
a: Renounce Religion, Heroism, Finesse, Duel


You were on level 4 of the Spider Nest.
You worshipped Okawaru.
Okawaru was exalted by your worship.
You visited 6 branches of the dungeon, and saw 32 of its levels.
You also visited: Ice Cave.

You collected 3010 gold pieces.
You spent 319 gold pieces at shops.

Inventory:

Hand Weapons
 a - a +0 vorpal broad axe
 b - a +0 hand axe of flaming
 f - a +0 broad axe of venom (weapon)
Missiles
 c - 2 throwing nets
 I - 13 curare-tipped darts (quivered)
Armour
 i - a +2 pair of gloves of infusion (worn)
 z - a +2 crystal plate armour
 B - a +2 pair of boots of rampaging (worn)
 J - a +0 tower shield (worn)
 P - a +0 hat of willpower (worn)
 Q - a +0 cloak of willpower (worn)
 U - +0 swamp dragon scales (worn)
Jewellery
 l - an amulet of reflection
 n - an amulet of regeneration
 A - the amulet of the Mutiny (around neck) {Acrobat Fragile rCorr Str+4 SInv}
   (You found it in an ice cave)

   [amulet of the acrobat]

   It increases your evasion while moving and waiting.
   Str:       It affects your strength (+4).
   SInv:      It lets you see invisible.
   rCorr:     It protects you from acid and corrosion.
   Fragile:   It will be destroyed if unequipped.
 C - a ring of ice
 E - the ring "Jumu" (left hand) {Fly rF+ Str+5}
   (You took it off a gnoll on level 7 of the Dungeon)

   [ring of flight]

   Str:       It affects your strength (+5).
   rF:        It protects you from fire.
   Fly:       It grants you flight.
 F - the ring "Tattyv" {rF+ Int+4 Dex+6}
   (You took it off a gnoll on level 7 of the Dungeon)

   [ring of dexterity]

   Int:       It affects your intelligence (+4).
   Dex:       It affects your dexterity (+6).
   rF:        It protects you from fire.
 K - the ring "Jaochoen" (right hand) {rF+ rC+ Str+2 Int+2}
   (You found it on level 9 of the Dungeon)

   [ring of protection from cold]

   Str:       It affects your strength (+2).
   Int:       It affects your intelligence (+2).
   rF:        It protects you from fire.
   rC:        It protects you from cold.
 L - a ring of willpower
 R - the ring of Henotheism {rC+ rCorr AC+4}
   (You found it on level 4 of the Spider Nest)

   [ring of protection]

   AC:        It affects your AC (+4).
   rC:        It protects you from cold.
   rCorr:     It protects you from acid and corrosion.
 S - a ring of see invisible
Wands
 o - a wand of mindburst (14)
 p - a wand of flame (116)
 r - a wand of iceblast (33)
 H - a wand of digging (14)
 N - a wand of acid (2)
Scrolls
 e - 3 scrolls of magic mapping
 j - 11 scrolls of identify
 m - a scroll of amnesia
 q - 6 scrolls of blinking
 s - 9 scrolls of teleportation
 t - a scroll of enchant weapon
 x - 2 scrolls of silence
 y - 7 scrolls of fear
 G - 2 scrolls of brand weapon
 M - 3 scrolls of fog
Potions
 d - 3 potions of magic
 g - 6 potions of heal wounds
 h - 11 potions of ambrosia
 k - 6 potions of haste
 u - a potion of brilliance
 v - 8 potions of curing
 w - 3 potions of invisibility
 D - 3 potions of mutation
 O - 3 potions of might
 X - a potion of berserk rage
Miscellaneous
 T - a phial of floods
 Y - a condenser vane


   Skills:
 + Level 17.4 Fighting
 - Level 18.0 Axes
 + Level 17.2 Armour
 - Level 6.0 Dodging
 + Level 22.3 Shields
 - Level 1.0 Unarmed Combat
 - Level 12.0 Invocations
 - Level 8.0 Evocations


You had 17 spell levels left.
You didn't know any spells.
Your spell library contained the following spells:

 Spells                   Type           Power      Damage    Failure   Level
 Apportation              Tloc           0%         N/A       63%         1
 Beastly Appendage        Tmut           0%         N/A       63%         1
 Foxfire                  Conj/Fire      0%         2x1d4     63%         1
 Freeze                   Ice            0%         1d3       63%         1
 Magic Dart               Conj           0%         1d3       63%         1
 Pain                     Necr           0%         1d4       63%         1
 Shock                    Conj/Air       0%         1d3       63%         1
 Searing Ray              Conj           0%         2d4       77%         2
 Static Discharge         Conj/Air       0%         N/A       77%         2
 Wereblood                Tmut           0%         N/A       77%         2
 Conjure Flame            Conj/Fire      0%         6-21      94%         3
 Inner Flame              Hex/Fire       0%         N/A       94%         3
 Spider Form              Tmut/Pois      0%         N/A       94%         3
 Swiftness                Air            0%         N/A       94%         3
 Vampiric Draining        Necr           0%         2d6       94%         3
 Airstrike                Air            0%         N/A       100%        4
 Flame Wave               Conj/Fire      0%         2d4       100%        4
 Fulminant Prism          Conj/Hex       0%         3d6       100%        4
 Passage of Golubria      Tloc           0%         N/A       100%        4
 Agony                    Necr           0%         N/A       100%        5
 Alistair's Intoxication  Tmut/Pois      0%         N/A       100%        5
 Blade Hands              Tmut           0%         N/A       100%        5
 Excruciating Wounds      Necr           0%         N/A       100%        5
 Fireball                 Conj/Fire      0%         3d3       100%        5
 Freezing Cloud           Conj/Ice/Air   0%         6-21      100%        5
 Lightning Bolt           Conj/Air       0%         1d11      100%        5
 Yara's Violent Unravell  Hex/Tmut       0%         3d3       100%        5
 Iron Shot                Conj/Erth      0%         9d1       100%        6
 Starburst                Conj/Fire      0%         6d3       100%        6
 Orb of Destruction       Conj           0%         N/A       100%        7
 Ignition                 Fire           0%         3d3       100%        8
 Maxwell's Capacitive Co  Air            0%         ∞         100%        8
 Animate Skeleton         Necr           Unusable   N/A       N/A         1
 Summon Guardian Golem    Hex/Summ       Unusable   N/A       N/A         3
 Tukima's Dance           Hex            Unusable   N/A       N/A         3
 Animate Armour           Summ/Erth      Unusable   N/A       N/A         4
 Summon Ice Beast         Ice/Summ       Unusable   N/A       N/A         4
 Summon Lightning Spire   Summ/Air       Unusable   N/A       N/A         4
 Summon Mana Viper        Hex/Summ       Unusable   N/A       N/A         5
 Simulacrum               Ice/Necr       Unusable   N/A       N/A         6
 Monstrous Menagerie      Summ           Unusable   N/A       N/A         7
 Spellforged Servitor     Conj/Summ      Unusable   N/A       N/A         7

Dungeon Overview and Level Annotations

Branches:
Dungeon (15/15)            Temple (1/1) D:7            Lair (6/6) D:8
  Swamp (4/4) Lair:3       Spider (4/4) Lair:3        Slime (0/5) Lair:5
    Orc (2/2) D:12            Elf (0/3) Orc:2        Vaults (0/5) D:14
 Depths (0/4) D:15          IceCv (visited)

Altars:
Cheibriados
Dithmenos
Elyvilon
Fedhas
Gozag
Hepliaklqana
Kikubaaqudgha
Makhleb
Okawaru
Qazlal
Sif Muna
Trog
Uskayaw
Vehumet
Wu Jian
Xom
Yredelemnul
Zin
The Shining One
Beogh
Jiyva

Shops:
D:2 [   Orc:2 *!

Annotations:
D:7 1 runed translucent door
D:10 3 runed translucent doors, AigisTheKnight's ghost, journeyman DrAE
Lair:5 1 runed translucent door, exclusion: oklob plant


Innate Abilities, Weirdness & Mutations

You have a pair of horns on your head.
You reflexively headbutt those who attack you in melee.


Message History

The entropy weaver is almost dead.
You closely miss the jumping spider. You barely miss the ghost moth.
You kill the entropy weaver!
Okawaru accepts your kill.
You block the jumping spider's attack. x2; You block the ghost moth's attack.
The ghost moth hits you but does no damage.
The ghost moth stings you but does no damage.
Unknown command.
You barely miss the moth of wrath. You closely miss the jumping spider.
You hit the ghost moth but do no damage.
The ghost moth looks even sicker.
The jumping spider pounces on you!!
* * * LOW HITPOINT WARNING * * *
The jumping spider misses you.
The jumping spider splashes around in the water.
The jumping spider bites you but does no damage.
You block the ghost moth's attack. x3; The moth of wrath closely misses you.
You take 17 damage, and have 41/170 hp.
Unknown command.
You block the jumping spider's attack. x2
You barely miss the jumping spider.
Your headbutt misses the jumping spider.
The jumping spider is lightly wounded.
The jumping spider closely misses you.
The jumping spider splashes around in the water.
You slice the jumping spider!!
Your headbutt misses the jumping spider.
The jumping spider is heavily wounded.
The jumping spider pounces on you.
* * * LOW HITPOINT WARNING * * *
The jumping spider splashes around in the water.
The jumping spider pounces on you!
* * * LOW HITPOINT WARNING * * *
You are caught in a web!
The jumping spider barely misses you. The ghost moth stares at you.
You take 19 damage, and have 22/170 hp.
You now have 0/26 mp.
Unknown command.
The web tears apart.
The jumping spider splashes around in the water.
You block the jumping spider's attack. The jumping spider pounces on you!!
You die...

#^^#.#.# ##^....####
###...†.^#≈##
##^#..^..^#.^##
###^≈#....^.#...####
####^..≈#......#^.^...#
^.......#^..^†.#......#
.^......#.(.^.^#^....≈#
#......^#.....y#@...≈.#
#............†ys^...[##
#^............≈.^..^.#
#^.....#^....^#....^##
#......#^.....#^†...#
#.^....#^....^#.....#
#.....^#^....^#^....#
#.....≈#.....##^..≈##
#......#≈....#.....#


You could see a moth of wrath and a jumping spider (berserk).

Vanquished Creatures
  Jorgrun (D:15)
  Mlioglotl (Swamp:1)
  Gastronok (Lair:1)
  Kirke (D:15)
  Donald (Swamp:1)
  2 thorn hunters
  An azure jelly (IceCv)
  3 emperor scorpions
  An orc warlord (Orc:1)
  4 ghost moths
  2 ghouls (Swamp:3)
  3 quicksilver oozes (IceCv)
  Nessos (D:14)
  A stone giant (D:14)
  3 dire elephants (Lair:6)
  5 eleionomae
  6 entropy weavers
  Azrael (D:14)
  4 bunyips
  2 spark wasps
  Snorg (Lair:3)
  A fire dragon (D:14)
  3 shambling mangroves
  Harold (Lair:1)
  18 hydras
  2 catoblepae
  5 jorogumos
  4 boulder beetles
  7 centaur warriors
  An ogre mage (D:14)
  6 two-headed ogres
  Erica (D:11)
  8 alligators
  The ghost of Zdeegee the Cleaver, a novice PaFi of Okawaru (D:7)
  7 death yaks
  2 spectral death yaks (Lair:6)
  Nergalle (Lair:1)
  4 steelbarb worms (Spider:2)
  A sun moth (Spider:2)
  9 pharaoh ants
  A spectral anaconda (Lair:6)
  3 goliath frogs (Swamp:1)
  12 orb spiders
  7 swamp dragons (Swamp:4)
  A lindwurm (Lair:5)
  2 wizards
  7 bog bodies
  4 spriggan druids
  An obsidian statue (Lair:6)
  A phantasmal warrior (D:14)
  Pikel (D:5)
  2 deep elf pyromancers
  A harpy (shapeshifter) (D:14)
  3 necromancers (Lair:6)
  4 orc knights
  2 will-o-the-wisps
  23 wolf spiders
  11 ugly things
  3 manticores
  5 cyclopes
  A salamander (D:15)
  4 moths of wrath
  5 elephants (Lair:6)
  4 black mambas
  7 torpor snails
  2 ice statues (IceCv)
  11 cane toads
  A gargoyle (D:12)
  2 demonic crawlers
  4 komodo dragons
  3 entropy weaver simulacra (IceCv)
  2 freezing wraiths (D:14)
  A burning bush (Lair:6)
  2 ice devils (Lair:2)
  2 red devils (Orc:2)
  A tengu conjurer (D:15)
  12 meliai
  A queen bee (Lair:5)
  A troll (shapeshifter) (D:14)
  A queen bee (shapeshifter) (D:15)
  A polar bear (Lair:3)
  13 hornets
  12 trolls
  12 tyrant leeches
  29 slime creatures
  A hornet (shapeshifter) (D:14)
  A raiju (shapeshifter) (D:13)
  7 dream sheep (Lair:5)
  40 tarantellas
  17 jumping spiders
  A meliai zombie (D:11)
  4 shadows
  2 centaur simulacra
  A culicivora (shapeshifter) (D:15)
  17 culicivoras
  50 yaks
  A hog (D:15)
  9 wyverns
  5 wraiths
  A dire elephant simulacrum (Lair:6)
  4 basilisks
  2 humans (D:15)
  65 redbacks
  9 spriggans
  4 fire elementals (D:14)
  Grum (D:7)
  14 vampire mosquitoes
  A death yak simulacrum (Lair:6)
  2 steam dragons
  A spectral cane toad (Lair:6)
  20 swamp worms
  5 wargs
  A swamp worm (shapeshifter) (D:14)
  3 hell hounds (D:14)
  Duvessa (D:6)
  2 acid dragons
  3 demonic crawler simulacra (IceCv)
  9 water moccasins
  28 orc warriors
  A hornet zombie (D:8)
  11 swamp drakes
  2 sky beasts
  2 ice beasts
  4 ugly thing simulacra (IceCv)
  3 elephant zombies (Lair:6)
  A black bear (D:3)
  2 elephant skeletons (Lair:6)
  A necrophage (D:3)
  10 centaurs
  5 ogres
  20 wolves
  A lemure (D:5)
  12 bullfrogs
  3 kobold brigands
  4 gnoll sergeants (D:7)
  5 scorpions
  3 glowing shapeshifter simulacra (IceCv)
  Dowan (D:6)
  An elephant simulacrum (Lair:6)
  2 water moccasin skeletons
  25 killer bees
  16 wights
  An electric eel (Spider:1)
  A bullfrog zombie (D:6)
  3 jellies
  Crazy Yiuf (D:6)
  2 centaur zombies
  A centaur skeleton (D:7)
  20 orc priests
  A gnoll shaman (D:7)
  5 iguanas
  23 orc wizards
  Natasha (thrice) (D:2)
  2 howler monkey skeletons
  8 adders
  8 gnolls (D:7)
  A white imp (D:7)
  An ufetubus (D:7)
  An adder skeleton (D:4)
  3 worms
  2 dart slugs
  50 orcs
  6 ball pythons
  3 bats (D:1)
  5 endoplasms
  3 giant cockroaches
  6 goblins
  4 hobgoblins
  5 jackals (D:1)
  7 kobolds
  4 quokkas
  3 frilled lizards
  7 rats
1012 creatures vanquished.

Vanquished Creatures (others)
  A ghost moth (Spider:1)
  A steelbarb worm (Spider:2)
  A bloated husk (Swamp:1)
  A swamp worm (shapeshifter) (D:14)
  2 briar patches (Swamp:2)
  2 foxfires (Swamp:4)
  17 fungi
  31 plants
  20 withered plants (Lair:6)
76 creatures vanquished.

Grand Total: 1088 creatures vanquished

Notes
Turn   | Place    | Note
-------+----------+-------------------------------------------
     0 | D:1      | backslashecho the Minotaur Fighter began the quest for the
                  | Orb.
     0 | D:1      | Reached XP level 1. HP: 19/19 MP: 0/0
   208 | D:1      | Reached XP level 2. HP: 22/27 MP: 1/1
   956 | D:2      | Reached skill level 1 in Unarmed Combat
   956 | D:2      | Reached XP level 3. HP: 24/33 MP: 2/2
  1070 | D:2      | Found a faded altar of an unknown god.
  1352 | D:2      | Noticed Natasha
  1356 | D:2      | Killed Natasha
  1357 | D:2      | Reached skill level 4 in Shields
  1357 | D:2      | Reached XP level 4. HP: 40/40 MP: 3/3
  1375 | D:2      | Noticed Natasha
  1378 | D:2      | Killed Natasha
  1429 | D:2      | Found Myghex's Armour Emporium.
  1430 | D:2      | Noticed Natasha
  1435 | D:2      | Killed Natasha
  1439 | D:2      | Bought a +0 pair of gloves for 49 gold pieces
  1678 | D:3      | Reached XP level 5. HP: 19/47 MP: 4/4
  2057 | D:3      | Noticed a necrophage
  2062 | D:3      | Killed a necrophage
  2063 | D:3      | Reached skill level 5 in Axes
  2571 | D:4      | Noticed a black bear
  2571 | D:4      | Noticed an orc warrior
  2582 | D:3      | Killed a black bear
  2583 | D:3      | Reached skill level 5 in Fighting
  2583 | D:3      | Reached skill level 5 in Armour
  2583 | D:3      | Reached XP level 6. HP: 24/56 MP: 5/5
  2818 | D:4      | Killed an orc warrior
  3061 | D:4      | Reached XP level 7. HP: 53/61 MP: 6/6
  3209 | D:4      | Found the +10 Black Knight's barding {ponderous, rPois rN+}
  3759 | D:4      | Found a blossoming altar of Fedhas.
  3966 | D:5      | Entered Level 5 of the Dungeon
  3966 | D:5      | Found a shadowy altar of Dithmenos.
  4366 | D:5      | Found a glowing silver altar of Zin.
  4367 | D:5      | Noticed an angel
  4370 | D:5      | Found a shimmering altar of Xom.
  4387 | D:5      | Reached XP level 8. HP: 68/71 MP: 7/7
  4451 | D:5      | Noticed Pikel
  4471 | D:5      | Killed Pikel
  5032 | D:6      | Noticed Duvessa
  5032 | D:6      | Noticed Dowan
  5035 | D:6      | Killed Duvessa
  5037 | D:6      | Killed Dowan
  5038 | D:6      | Reached skill level 10 in Axes
  5192 | D:6      | Reached XP level 9. HP: 80/81 MP: 8/8
  5347 | D:6      | Found a radiant altar of Vehumet.
  5412 | D:6      | Found a runed translucent door.
  5413 | D:6      | Noticed Crazy Yiuf
  5419 | D:6      | Killed Crazy Yiuf
  6146 | D:7      | Found a staircase to the Ecumenical Temple.
  6177 | Temple   | Entered the Ecumenical Temple
  6218 | Temple   | Became a worshipper of Warmaster Okawaru
  6402 | D:7      | Found a hazy altar of Hepliaklqana.
  6406 | D:7      | Identified the +3 scale mail of Istrarr {rElec Int+4}
  6412 | D:7      | Found a basalt altar of Yredelemnul.
  6471 | D:7      | Found a bloodstained altar of Trog.
  6505 | D:7      | Reached skill level 1 in Invocations
  6566 | D:7      | Found a runed translucent door.
  6567 | D:7      | Found a burning altar of Makhleb.
  6567 | D:7      | Noticed a sixfirhy
  6866 | D:7      | Noticed Grum
  6873 | D:7      | Noticed Zdeegee's ghost (novice PaFi)
  6910 | D:7      | Identified the ring "Tattyv" {rF+ Int+4 Dex+6}
  6965 | D:7      | Found a transporter.
  6965 | D:7      | Found a transporter.
  6967 | D:7      | Identified the ring "Jumu" {Fly rF+ Str+5}
  7093 | D:7      | Reached XP level 10. HP: 75/88 MP: 10/10
  7347 | D:7      | Reached * piety under Okawaru
  7587 | D:7      | Killed Zdeegee's ghost
  7664 | D:7      | Reached skill level 10 in Armour
  7689 | D:7      | Killed Grum
  7689 | D:7      | Reached ** piety under Okawaru
  7914 | D:8      | Reached skill level 5 in Shields
  7937 | D:8      | Reached *** piety under Okawaru
  8126 | D:8      | Found a staircase to the Lair.
  8167 | D:8      | Found a stormy altar of Qazlal.
  8705 | D:9      | Reached XP level 11. HP: 81/91 MP: 10/13
  8713 | D:9      | Reached skill level 6 in Shields
  8898 | D:9      | Noticed a two-headed ogre
  8911 | D:9      | Killed a two-headed ogre
  8911 | D:9      | Reached **** piety under Okawaru
  8998 | D:9      | Noticed a catoblepas
  9023 | D:9      | Killed a catoblepas
  9024 | D:9      | Reached skill level 5 in Invocations
  9058 | D:9      | Reached skill level 15 in Axes
  9096 | D:9      | Found a hide-covered altar of Uskayaw.
  9172 | D:9      | Noticed a two-headed ogre
  9184 | D:9      | Killed a two-headed ogre
  9205 | D:9      | Reached skill level 7 in Shields
  9213 | D:9      | Noticed a two-headed ogre
  9229 | D:9      | Killed a two-headed ogre
  9336 | D:9      | Identified the ring "Jaochoen" {rF+ rC+ Str+2 Int+2}
 10093 | D:10     | Entered Level 10 of the Dungeon
 10183 | D:10     | Reached ***** piety under Okawaru
 10445 | D:9      | Found an ornate altar of the Wu Jian Council.
 10616 | D:10     | Found a glowing golden altar of the Shining One.
 10854 | D:10     | Identified the +7 plate armour of the Prince of Darkness
                  | {-Cast Harm Str+9 Int-5}
 10855 | D:10     | Found a runed translucent gate.
 10856 | D:10     | Found a runed translucent gate.
 10856 | D:10     | Noticed AigisTheKnight's ghost (journeyman DrAE)
 10857 | D:10     | Found a runed translucent gate.
 11065 | D:11     | Noticed Erica
 11065 | D:11     | You are sucked into a shaft and drop 2 floors!
 11144 | D:13     | Noticed a green ugly thing
 11159 | D:13     | Killed a green ugly thing
 11261 | D:13     | Noticed a purple ugly thing
 11271 | D:12     | Killed a purple ugly thing
 11272 | D:12     | Reached skill level 8 in Shields
 11283 | D:12     | Reached XP level 12. HP: 101/101 MP: 13/15
 11427 | D:11     | Noticed a two-headed ogre
 11435 | D:11     | Killed a two-headed ogre
 11474 | D:11     | Identified the +1 leather armour "Ekkask" {Int+6 Slay-6}
 11476 | D:11     | Noticed a two-headed ogre
 11483 | D:11     | Killed a two-headed ogre
 11603 | D:11     | Reached skill level 9 in Shields
 11785 | D:11     | Killed Erica
 11785 | D:11     | Received a gift from Okawaru
 12075 | Lair:1   | Entered Level 1 of the Lair of Beasts
 12103 | Lair:1   | Noticed Harold
 12127 | Lair:1   | Killed Harold
 12278 | Lair:1   | Noticed an eight-headed hydra
 12304 | Lair:1   | Noticed an eight-headed hydra
 12400 | Lair:1   | Killed a one-headed hydra
 12429 | Lair:1   | Noticed Gastronok
 12446 | Lair:1   | Killed Gastronok
 12964 | Lair:1   | Noticed Nergalle
 12973 | Lair:1   | Reached skill level 10 in Shields
 12981 | Lair:1   | Killed Nergalle
 13112 | Lair:2   | Found a frozen archway.
 13143 | IceCv    | Entered an ice cave
 13167 | IceCv    | Noticed a quicksilver ooze
 13172 | IceCv    | Killed a quicksilver ooze
 13173 | IceCv    | Reached skill level 11 in Shields
 13173 | IceCv    | Reached XP level 13. HP: 107/107 MP: 15/18
 13212 | IceCv    | Got Sif Muna's Grimoire of the Frostbite
 13314 | IceCv    | Reached skill level 1 in Evocations
 13320 | IceCv    | Noticed a quicksilver ooze
 13330 | IceCv    | Killed a quicksilver ooze
 13411 | IceCv    | Noticed a quicksilver ooze
 13427 | IceCv    | Killed a quicksilver ooze
 13427 | IceCv    | Received a gift from Okawaru
 13636 | IceCv    | Found a viscous altar of Jiyva.
 13636 | IceCv    | Noticed an azure jelly
 13649 | IceCv    | Killed an azure jelly
 13666 | IceCv    | Found the +4 skin of Zhor {*Englaciate rC+++ SInv}
 13682 | IceCv    | Identified the amulet of the Mutiny {Acrobat Fragile rCorr
                  | Str+4 SInv}
 13797 | Lair:2   | Reached skill level 12 in Shields
 14656 | Lair:3   | Reached skill level 10 in Fighting
 14738 | Lair:3   | Found a hole to the Spider Nest.
 15026 | Lair:3   | Found a staircase to the Swamp.
 15078 | Lair:3   | Noticed Snorg
 15093 | Lair:3   | Killed Snorg
 15563 | Lair:4   | Reached skill level 5 in Evocations
 15597 | Lair:3   | Received a gift from Okawaru
 15603 | Lair:3   | Reached skill level 13 in Shields
 15697 | Lair:4   | Reached XP level 14. HP: 111/124 MP: 19/19
 16709 | Lair:4   | Identified the +7 dagger of Urgency {vorpal, rPois MP+9}
 17103 | Lair:5   | Identified the +3 spear of Gyh Dine {holy, *Noise rElec
                  | Str+2}
 17145 | Lair:5   | Found a runed translucent door.
 17146 | Lair:5   | Found a viscous altar of Jiyva.
 17151 | Lair:5   | Found a staircase to the Slime Pits.
 17383 | Lair:5   | Reached skill level 14 in Shields
 17584 | Lair:6   | Entered Level 6 of the Lair of Beasts
 17605 | Lair:6   | Reached ****** piety under Okawaru
 17626 | Lair:6   | Received a gift from Okawaru
 18622 | Lair:6   | Reached skill level 15 in Shields
 18799 | Lair:6   | Reached skill level 1 in Dodging
 19702 | D:11     | Identified the +8 flail of Burocw {freeze, rF- Will+ Str+3}
 19890 | D:11     | Received a gift from Okawaru
 20134 | D:12     | Found a staircase to the Orcish Mines.
 20385 | Orc:1    | Entered Level 1 of the Orcish Mines
 20746 | Orc:2    | Entered Level 2 of the Orcish Mines
 21400 | Orc:2    | Found a staircase to the Elven Halls.
 21422 | Orc:2    | Found Nucves's General Store.
 21422 | Orc:2    | Found Jiewa's Distillery.
 21433 | Orc:2    | Reached XP level 15. HP: 111/134 MP: 0/20
 21469 | Orc:2    | Bought a scroll of magic mapping for 45 gold pieces
 21471 | Orc:2    | Bought a potion of heal wounds for 75 gold pieces
 21471 | Orc:2    | Bought a potion of haste for 150 gold pieces
 21564 | Orc:1    | Noticed an orc warlord
 21581 | Orc:1    | Killed an orc warlord
 22319 | D:13     | Reached skill level 5 in Dodging
 22756 | D:14     | Noticed Azrael
 22859 | D:14     | Found a gate to the Vaults.
 23029 | D:14     | Noticed Nessos
 23156 | D:14     | Killed Nessos
 23288 | D:14     | Killed Azrael
 23298 | D:14     | Received a gift from Okawaru
 23710 | D:14     | Reached skill level 10 in Invocations
 24740 | D:15     | Entered Level 15 of the Dungeon
 24756 | D:15     | Noticed Jorgrun
 24775 | D:15     | Killed Jorgrun
 25172 | D:15     | Noticed Kirke
 25190 | D:15     | Killed Kirke
 25487 | D:15     | Found a staircase to the Depths.
 25493 | D:15     | Received a gift from Okawaru
 26173 | Swamp:1  | Entered Level 1 of the Swamp
 26332 | Swamp:1  | Reached skill level 16 in Shields
 26559 | Swamp:1  | Reached skill level 15 in Fighting
 26559 | Swamp:1  | Reached XP level 16. HP: 139/149 MP: 16/23
 26770 | Swamp:1  | Noticed a thorn hunter
 26771 | Arena    | Entered the Arena
 26779 | Arena    | Killed a thorn hunter
 27458 | Swamp:2  | Received a gift from Okawaru
 27597 | Swamp:2  | Noticed Mlioglotl
 27602 | Swamp:2  | Noticed Donald
 27629 | Swamp:1  | Killed Mlioglotl
 27694 | Swamp:1  | Killed Donald
 27709 | Swamp:1  | Identified a scroll of acquirement
 27711 | Swamp:1  | Acquired a manual of Shields
 27719 | Swamp:2  | Noticed a thorn hunter
 27780 | Swamp:2  | Killed a thorn hunter
 28024 | Swamp:3  | Reached skill level 17 in Shields
 29009 | Swamp:4  | Entered Level 4 of the Swamp
 29095 | Swamp:4  | Reached skill level 18 in Shields
 29498 | Swamp:4  | Reached skill level 19 in Shields
 29686 | Swamp:4  | Received a gift from Okawaru
 29755 | Swamp:4  | Got a decaying rune of Zot
 30046 | Spider:1 | Entered Level 1 of the Spider Nest
 30207 | Spider:1 | Received a gift from Okawaru
 30217 | Spider:1 | Reached XP level 17. HP: 145/156 MP: 6/25
 30274 | Spider:1 | Reached skill level 15 in Armour
 30326 | Spider:1 | Reached skill level 20 in Shields
 31663 | Spider:2 | Received a gift from Okawaru
 32807 | Spider:3 | Reached skill level 21 in Shields
 33267 | Arena    | Entered the Arena
 33314 | Spider:2 | Received a gift from Okawaru
 34938 | Spider:4 | Entered Level 4 of the Spider Nest
 34991 | Spider:4 | Identified the ring of Henotheism {rC+ rCorr AC+4}
 35606 | Spider:4 | Reached skill level 22 in Shields
 35683 | Spider:4 | Reached XP level 18. HP: 136/169 MP: 0/26
 35755 | Spider:4 | Identified the +7 shadow dragon scales "Bami Gui" {rC+
                  | rCorr Int-5 Stlth++++} (Okawaru gifted it to you on level 4
                  | of the Spider Nest)
 35755 | Spider:4 | Received a gift from Okawaru
 36597 | Spider:4 | Slain by a jumping spider

Illustrated notes

Levels and vault maps discovered:
D:1:      lightli_arrival_chessboard, layout_basic
D:2:      layout_rooms, basic_ecumenical_altar, serial_shops,
          nicolae_square_shop, uniq_natasha
D:3:      layout_basic
D:4:      kb_forest_paths, layout_loops_ring, kennysheep_mini_moat
D:5:      layout_loops_cross, grunt_temple_overflow_order_and_chaos_1,
          old_standard_altar, uniq_pikel
D:6:      layout_loops_ring, nicolae_vehumet_altar_sigil,
          kennysheep_generic_room_15, uniq_duvessa, uniq_crazy_yiuf_cottage
D:7:      layout_loops_corners, nzn_makhleb_speed_demon, trog_book,
          nicolae_overflow_squiral, minmay_temple_entry_sparse_star,
          gammafunk_ghost_gnarly_gnolls, minmay_misc_feat_columns
D:8:      layout_cave_pods, nicolae_qazlal_general_emergency,
          minmay_lair_entry_grove
D:9:      minmay_skewed_foursquare, layout_long_grid,
          nicolae_overflow_hidden_temple, chequers_serial_rivers_room_a,
          minmay_misc_feat_encased, minmay_joined_circles
D:10:     layout_small_grid, lemuel_doored_altar, biasface_ghost_orc_armoury
D:11:     minmay_inside_and_out, layout_rooms, uniq_erica
D:12:     layout_loops_ring, orc_0_dummy
D:13:     layout_irregular_city
D:14:     minmay_textured_paths, layout_layer_cave, david_vaults_2, uniq_nessos,
          uniq_azrael
D:15:     hangedman_depths_entry_try_elsewhere_first, layout_small_grid,
          serial_bayou_pond_e, eino_small_chamber_without_monster, uniq_jorgrun,
          uniq_kirke
Temple:   compressed_dpeg_triangle_lava_temple
Lair:1:   layout_cave_pods, uniq_nergalle, uniq_harold, uniq_gastronok
Lair:2:   layout_gridlike, portal_ice_cave_demonic_guard,
          gauntlet_entry_generic, serial_bayou_shore_b
Lair:3:   wander_river, layout_regular_city, minmay_swamp_entry_worms,
          nicolae_spider_entry_orb_guardian, infiniplex_staircase_pool_2,
          uniq_snorg
Lair:4:   layout_cellular_growth, worms_lemuel
Lair:5:   layout_gridlike, slime_altar_2, special_room [special_room_bee]
Lair:6:   due_jungle_book, layout_cave_pods, evilmike_ambush
          [evilmike_ambush_outer_pillars, evilmike_ambush_inner_basic]
Swamp:1:  layout_basic_swamp, evilmike_swamp_ruin_house_3, swamp_pool4,
          nicolae_swamp_soggy_hallways
Swamp:2:  layout_basic_swamp, evilmike_swamp_ruin_house_2, uniq_donald,
          uniq_mlioglotl
Swamp:3:  layout_falls_marsh, evilmike_swamp_ruin_rubble_2
Swamp:4:  swamp, layout_basic_swamp
Spider:1: layout_spider_delve
Spider:2: layout_spider_delve
Spider:3: layout_spider_delve, hangedman_spider_tarantella_strand
Spider:4: grunt_spider_rune_parallel, nicolae_spider_swamp_cousins
Orc:1:    layout_caves, basic_altar
Orc:2:    pf_orc_diabolical, layout_caves

Skill      XL: |  1  2  3  4  5  6  7  8  9 10 11 12 13 14 15 16 17 18 |
---------------+-------------------------------------------------------+-----
Axes           | 3 4 5 6 8 10 12 14 16 18 | 18.0
Unarmed Combat | 1 |  1.0
Armour         | 4 5 6 7 9 10 12 14 16 17 | 17.2
Fighting       | 4 5 6 7 8 11 12 15 17 | 17.4
Shields        | 4 5 8 11 13 15 16 19 22 | 22.3
Invocations    | 1 4 6 8 11 12 | 12.0
Evocations     | 5 8 |  8.0
Dodging        | 3 6 |  6.0

Action                   |  1- 3 |  4- 6 |  7- 9 | 10-12 | 13-15 | 16-18 || total
-------------------------+-------+-------+-------+-------+-------+-------++-------
Melee: War axe           |    69 |    87 |   248 |   594 |   129 |       ||  1127
       Headbutt          |     9 |    16 |    72 |   197 |   358 |   324 ||   976
       Hand axe          |       |       |       |    12 |    25 |    73 ||   110
       Broad axe         |       |       |       |       |  1017 |   963 ||  1980
       Unarmed           |       |       |       |       |     3 |       ||     3
Throw: Dart              |       |       |     1 |     2 |     1 |       ||     4
Invok: Heroism           |       |       |       |    24 |    23 |    11 ||    58
       Finesse           |       |       |       |     2 |     3 |     1 ||     6
       Duel              |       |       |       |       |       |     2 ||     2
Evoke: Wand              |       |       |     2 |     1 |     3 |     6 ||    12
  Use: Potion            |       |     2 |     1 |     1 |     1 |     2 ||     7
       Scroll            |       |     2 |     7 |    15 |     2 |     6 ||    32
Armor: Scale mail        |    27 |       |       |       |       |       ||    27
       Plate armour      |    23 |    59 |   130 |   311 |     9 |       ||   532
       Crystal plate arm |       |       |       |       |   433 |   128 ||   561
       Chain mail        |       |       |       |       |    43 |       ||    43
       Swamp dragon scal |       |       |       |       |       |   252 ||   252
Dodge: Dodged            |    31 |    26 |    57 |   143 |   193 |   415 ||   865
Block: Buckler           |    16 |    16 |    62 |     8 |       |       ||   102
       Kite shield       |       |       |       |   288 |   479 |   414 ||  1181
       Tower shield      |       |       |       |       |   249 |   390 ||   639
       Reflection        |       |       |       |       |       |     7 ||     7

Table legend: (Time is in decaauts)
 A = Elapsed time spent in this place.
 B = Non-inter-level travel time spent in this place.
 C = Inter-level travel time spent in this place.
 D = Time resting spent in this place.
 E = Time spent auto-exploring this place.
 F = Levels seen in this place.
 G = Mean time per level.
                   A        B        C        D        E       F      G
               +--------+--------+--------+--------+--------+-----+--------+
         Total |  36048 |  32887 |   3161 |   4878 |  20208 |  35 | 1029.9 |
       Dungeon |  17055 |  15044 |   2011 |   1504 |   9982 |  15 | 1137.0 |
        Temple |     48 |     41 |      7 |      0 |     21 |   1 |   48.0 |
          Lair |   6859 |   6203 |    656 |    440 |   4293 |   6 | 1143.2 |
         Swamp |   3651 |   3402 |    249 |    575 |   1920 |   4 |  912.8 |
   Spider Nest |   6357 |   6205 |    152 |   2163 |   2967 |   4 | 1589.2 |
  Orcish Mines |   1435 |   1351 |     84 |     40 |    884 |   2 |  717.5 |
      Ice Cave |    585 |    585 |      0 |    124 |    141 |   1 |  585.0 |
         Arena |     55 |     55 |      0 |     30 |      0 |   2 |   27.5 |
               +--------+--------+--------+--------+--------+-----+--------+

Top non-repeatable levels by time:
Spider:2: 2244 daAuts
    D:14: 1902 daAuts
     D:7: 1838 daAuts
  Lair:6: 1837 daAuts
Spider:1: 1547 daAuts
Spider:3: 1400 daAuts
     D:9: 1269 daAuts
 Swamp:3: 1254 daAuts
     D:3: 1224 daAuts
     D:8: 1201 daAuts
  Lair:3: 1187 daAuts
     D:4: 1181 daAuts
 Swamp:1: 1180 daAuts
    D:13: 1171 daAuts
Spider:4: 1165 daAuts
